Map: Romanticide LE

Players

SKillous

  • Race: Protoss Protoss
  • League: Master
  • Spawn Location: 11:00

Namshar - Winner!

  • Race: Zerg Zerg
  • League: Master
  • Spawn Location: 5:00

Event: Cheeseadelphia Winter Championship 2021

VOD

Have the link to the VOD?

Description

Time

  • Played on: Jan. 23, 2021, 4:18 p.m.
  • Length: 15:21

All games in this series

Show
View Real Time Build Order
Export as new Build Order

SKillous Protoss 

Build Orders: 1 Gate Expand, Oracle Opening, Archon Immortal, Carriers 

Get SALT Encoding   

  12  0:00  Probe  
  13  0:12  Probe  
  14  0:19  Pylon  
  14  0:24  Probe  
  15  0:37  Probe (Chrono Boost)  
  15  0:38  Gateway  
  16  0:43  Assimilator  
  16  0:47  Probe (Chrono Boost)  
  17  0:52  Probe  
  18  1:04  Probe  
  19  1:16  Probe  
  20  1:24  Nexus  
  20  1:34  Cybernetics Core  
  20  1:37  Probe  
  21  1:43  Assimilator  
  21  1:49  Probe  
  21  1:53  Pylon  
  22  2:01  Probe  
  23  2:09  Adept (Chrono Boost)  
  23  2:13  Probe  
  23  2:15  Stargate  
  26  2:23  Warp Gate  
  26  2:27  Probe (Chrono Boost)  
  26  2:28  Adept (Chrono Boost)  
  27  2:36  Probe (Chrono Boost)  
  31  2:44  Probe (Chrono Boost)  
  31  2:45  Probe (Chrono Boost)  
  31  2:50  Probe x2 (Chrono Boost)  
  33  2:52  Adept  
  36  3:02  Probe, Oracle (Chrono Boost)  
  36  3:03  Probe  
  41  3:10  Pylon  
  41  3:14  Probe  
  41  3:15  Probe  
  43  3:26  Probe  
  44  3:27  Probe  
  44  3:30  Oracle (Chrono Boost)  
  44  3:37  Gateway  
  44  3:38  Probe  
  44  3:39  Probe  
  44  3:40  Assimilator  
  46  3:44  Assimilator  
  46  3:50  Probe  
  46  3:53  Pylon  
  46  3:54  Robotics Facility  
  46  3:55  Probe  
  48  3:59  Pylon  
  48  4:03  Probe  
  48  4:09  Probe  
  50  4:13  Adept  
  50  4:14  Shield Battery  
  52  4:21  Probe  
  53  4:26  Pylon  
  53  4:31  Forge  
  53  4:32  Twilight Council, Adept  
  53  4:33  Adept, Pylon  
  53  4:36  Probe  
  53  4:38  Probe  
  59  4:41  Observer (Chrono Boost)  
  58  4:54  Probe  
  58  4:55  Adept x2, Immortal (Chrono Boost)  
  61  5:14  Nexus  
  61  5:16  Pylon  
  61  5:17  Protoss Ground Weapons Level 1 (Chrono Boost)  
  61  5:21  Charge  
  61  5:22  Probe x2  
  63  5:32  Pylon  
  63  5:34  Probe, Immortal (Chrono Boost)  
  63  5:35  Probe  
  69  5:44  Sentry x2  
  69  5:46  Probe  
  69  5:47  Probe  
  75  5:51  Gateway  
  75  5:54  Gateway  
  75  5:58  Probe (Chrono Boost)  
  75  5:59  Probe (Chrono Boost)  
  75  6:02  Templar Archives  
  77  6:09  Probe (Chrono Boost)  
  77  6:10  Probe (Chrono Boost)  
  79  6:13  Observer  
  79  6:14  Probe (Chrono Boost)  
  79  6:15  Probe (Chrono Boost)  
  79  6:19  Immortal  
  79  6:20  Phoenix  
  79  6:24  Assimilator  
  81  6:28  Assimilator  
  81  6:29  Probe (Chrono Boost)  
  81  6:31  Probe (Chrono Boost)  
  84  6:34  Probe (Chrono Boost)  
  84  6:39  Gateway  
  85  6:40  Probe (Chrono Boost)  
  85  6:41  Gateway, Probe (Chrono Boost)  
  86  6:48  Gateway  
  86  6:49  Probe  
  86  6:52  Shield Battery, Probe  
  86  6:54  Gateway  
  88  6:58  High Templar x2, Probe  
  88  6:59  Zealot x2  
  97  7:03  Archon  
  97  7:04  Probe  
  97  7:05  Probe  
  97  7:06  Pylon  
  104  7:17  Warp Prism (Chrono Boost)  
  104  7:19  Protoss Ground Weapons Level 2 (Chrono Boost)  
  104  7:21  High Templar  
  104  7:22  High Templar  
  105  7:26  Gateway  
  105  7:27  Gateway  
  105  7:28  Pylon  
  105  7:32  Zealot x2  
  109  7:37  Archon  
  109  7:42  Photon Cannon  
  109  7:44  High Templar x2  
  109  7:45  Zealot  
  109  7:48  Nexus  
  109  7:49  Pylon  
  109  7:51  Archon  
  115  7:52  Zealot x2  
  115  7:54  Zealot  
  121  8:00  High Templar x2  
  121  8:02  Pylon  
  121  8:05  Archon  
  125  8:08  Zealot  
  127  8:14  Zealot x2  
  127  8:17  Pylon  
  127  8:19  Pylon  
  131  8:26  Zealot x5  
  141  8:32  Pylon  
  141  8:33  Probe x2  
  141  8:34  Probe  
  132  8:44  Zealot x5  
  130  8:51  Zealot  
  130  8:52  Zealot x4  
  111  9:05  Zealot  
  111  9:06  Zealot x4  
  108  9:14  Zealot x5  
  104  9:19  Probe (Chrono Boost)  
  96  9:26  Probe (Chrono Boost)  
  96  9:27  Protoss Ground Weapons Level 3 (Chrono Boost), Probe (Chrono Boost)  
  96  9:28  Probe (Chrono Boost)  
  96  9:31  Probe (Chrono Boost)  
  95  9:35  High Templar  
  95  9:36  High Templar x7  
  95  9:37  Zealot x2  
  113  9:39  Probe (Chrono Boost)  
  113  9:41  Probe (Chrono Boost)  
  113  9:42  Archon x3, Assimilator  
  113  9:45  Archon  
  115  9:46  Assimilator  
  115  9:48  Psionic Storm  
  115  9:50  Immortal (Chrono Boost)  
  115  9:53  Shield Battery  
  115  9:58  Probe  
  115  9:59  Probe x2  
  122  10:01  Sentry  
  122  10:02  Sentry  
  126  10:13  High Templar x2  
  130  10:15  Zealot x4  
  130  10:18  Pylon  
  138  10:21  Immortal (Chrono Boost)  
  138  10:23  Photon Cannon  
  138  10:27  High Templar  
  142  10:46  Stargate  
  142  10:48  Stargate  
  138  10:50  Fleet Beacon  
  138  10:54  High Templar  
  138  10:56  Immortal (Chrono Boost)  
  140  10:57  Nexus  
  140  10:58  Pylon  
  140  10:59  Photon Cannon  
  140  11:00  Photon Cannon  
  140  11:01  Photon Cannon  
  144  11:04  Shield Battery  
  144  11:17  Zealot x9  
  162  11:20  Oracle (Chrono Boost)  
  162  11:24  Observer (Chrono Boost)  
  166  11:36  Carrier x2 (Chrono Boost)  
  178  11:43  Shield Battery, High Templar, Photon Cannon  
  180  12:01  Zealot x6  
  164  12:12  Observer  
  142  12:17  Zealot x4  
  123  12:30  Zealot x6  
  123  12:33  Probe  
  123  12:34  Observer  
  123  12:35  Probe x2 (Chrono Boost)  
  136  12:39  Carrier x2 (Chrono Boost)  
  146  12:44  Zealot x2  
  146  12:45  Carrier (Chrono Boost)  
  146  12:50  Zealot x2  
  157  12:53  Probe x3 (Chrono Boost)  
  157  12:55  Probe (Chrono Boost)  
  157  12:57  Probe (Chrono Boost)  
  159  13:00  Pylon  
  155  13:07  High Templar x5  
  155  13:11  Pylon  
  165  13:18  Protoss Air Weapons Level 1 (Chrono Boost)  
  165  13:19  Zealot  
  161  13:23  Observer  
  158  13:30  Zealot x4  
  166  13:40  Carrier  
  134  13:49  Zealot x6  
  134  13:51  Carrier  
  147  13:57  Archon  
  133  14:03  Zealot x4  
  135  14:10  Zealot  
  135  14:11  Zealot x5  
  109  14:27  High Templar x3  
  109  14:28  High Templar  
  109  14:29  Observer  
  109  14:31  Zealot x6  
  124  14:32  Archon x2  
Show
View Real Time Build Order
Export as new Build Order

Namshar Zerg - Winner!

Build Orders: Hatch First, Lurkers 

Get SALT Encoding   

  12  0:00  Drone  
  13  0:12  Overlord  
  13  0:16  Drone  
  14  0:30  Drone x2  
  16  0:49  Hatchery  
  15  0:51  Drone  
  15  0:53  Drone  
  15  0:56  Drone  
  18  1:07  Extractor  
  17  1:12  Spawning Pool  
  17  1:15  Drone  
  17  1:19  Drone  
  18  1:28  Drone  
  19  1:38  Drone  
  20  1:51  Overlord  
  20  2:00  Queen  
  20  2:01  Zergling x4, Queen  
  26  2:09  Metabolic Boost  
  26  2:10  Drone  
  26  2:11  Drone  
  28  2:21  Drone  
  28  2:22  Drone  
  30  2:33  Hatchery  
  29  2:37  Drone  
  29  2:38  Drone  
  31  2:45  Drone  
  31  2:46  Overlord  
  32  2:52  Queen  
  32  2:56  Zergling x4  
  36  3:04  Zergling x2  
  37  3:07  Zergling x2  
  37  3:12  Zergling x4  
  40  3:13  Zergling x2, Overlord  
  39  3:29  Drone x5  
  39  3:32  Spore Crawler  
  39  3:33  Spore Crawler  
  41  3:39  Drone  
  41  3:40  Drone  
  43  3:43  Queen  
  45  3:50  Drone x2  
  45  3:53  Drone x3  
  50  4:01  Drone  
  50  4:02  Drone x2  
  52  4:06  Drone x4  
  52  4:12  Drone  
  52  4:16  Drone  
  54  4:19  Spore Crawler  
  54  4:21  Drone  
  54  4:22  Drone x2  
  56  4:24  Drone  
  56  4:27  Overlord x2  
  57  4:45  Zergling x2  
  57  4:49  Zergling x4  
  57  4:50  Drone x6  
  57  4:51  Drone  
  65  4:56  Drone x3  
  66  5:01  Lair, Drone  
  66  5:06  Extractor x2, Roach Warren  
  63  5:10  Drone x8  
  63  5:13  Queen  
  70  5:16  Drone x2  
  72  5:23  Evolution Chamber  
  72  5:24  Drone  
  72  5:25  Drone  
  72  5:27  Drone  
  74  5:33  Extractor  
  74  5:35  Overlord x4  
  73  5:45  Extractor x2  
  73  5:48  Drone x3  
  74  5:52  Hatchery  
  74  5:53  Zerg Missile Weapons Level 1  
  74  5:54  Queen  
  74  5:55  Drone x3  
  74  5:56  Overlord, Drone x2  
  80  5:58  Glial Reconstitution  
  80  5:59  Overseer  
  80  6:01  Roach  
  82  6:04  Roach  
  82  6:05  Roach  
  82  6:10  Roach x3  
  89  6:26  Drone  
  89  6:28  Drone  
  89  6:29  Drone, Infestation Pit  
  89  6:30  Hydralisk Den  
  90  6:38  Overseer  
  90  6:41  Roach x4  
  90  6:46  Overlord x3  
  98  6:50  Drone x8  
  106  6:57  Overlord x2  
  106  7:05  Queen  
  108  7:09  Drone x2  
  108  7:10  Extractor  
  108  7:11  Grooved Spines, Drone, Hive  
  108  7:13  Lurker Den  
  108  7:15  Extractor  
  108  7:20  Hydralisk x3  
  114  7:32  Pneumatized Carapace  
  114  7:37  Drone x2  
  114  7:38  Drone  
  114  7:39  Hydralisk x3, Drone x3  
  114  7:44  Hatchery  
  125  7:46  Roach x3  
  125  7:47  Roach x3  
  137  7:53  Overlord  
  137  7:54  Overlord x2  
  137  8:01  Drone x6  
  137  8:02  Overlord, Drone  
  137  8:04  Zerg Missile Weapons Level 2  
  143  8:14  Roach x6  
  143  8:15  Ravager  
  143  8:16  Ravager x2  
  143  8:17  Ravager  
  143  8:18  Ravager  
  160  8:22  Muscular Augments  
  160  8:23  Roach x3  
  166  8:31  Roach x5  
  174  8:36  Ravager  
  174  8:37  Ravager  
  175  8:45  Roach x9  
  173  8:51  Roach x5  
  148  9:03  Roach x7  
  148  9:08  Hydralisk  
  148  9:09  Roach x2  
  145  9:15  Roach x3  
  135  9:20  Roach x4  
  135  9:25  Hydralisk x2  
  135  9:27  Queen  
  139  9:34  Drone x5  
  144  9:39  Drone x2  
  144  9:41  Seismic Spines  
  144  9:44  Drone  
  147  9:46  Evolution Chamber  
  147  9:50  Overlord x2  
  145  9:52  Extractor  
  145  9:54  Extractor  
  145  9:57  Drone x6  
  149  10:03  Overlord  
  149  10:04  Spine Crawler  
  149  10:05  Spine Crawler  
  149  10:06  Spine Crawler  
  146  10:07  Lurker x4  
  146  10:08  Lurker  
  151  10:15  Hydralisk x2  
  151  10:16  Hydralisk  
  157  10:24  Hydralisk  
  157  10:25  Hydralisk x4  
  167  10:30  Drone  
  167  10:31  Spine Crawler  
  167  10:32  Spine Crawler  
  167  10:34  Hydralisk  
  167  10:35  Spine Crawler  
  167  10:38  Adaptive Talons  
  165  10:47  Hydralisk x6  
  177  10:51  Zerg Missile Weapons Level 3  
  177  10:54  Zerg Ground Armor Level 1  
  177  10:57  Queen  
  179  11:06  Queen  
  179  11:08  Lurker x5  
  186  11:13  Lurker x2  
  186  11:14  Lurker  
  186  11:15  Lurker  
  188  11:27  Hydralisk x7  
  188  11:31  Overseer x2  
  198  11:39  Hydralisk  
  200  11:47  Overlord  
  195  11:56  Hydralisk x6  
  194  12:06  Hydralisk x6  
  170  12:16  Hydralisk x10  
  170  12:19  Hydralisk  
  170  12:20  Hydralisk  
  188  12:28  Hydralisk  
  188  12:29  Hydralisk x3  
  190  12:35  Hydralisk x3  
  187  12:40  Hydralisk x3  
  186  12:50  Overlord  
  186  12:51  Overlord, Zerg Ground Armor Level 2  
  180  13:00  Lurker x4  
  180  13:04  Lurker  
  185  13:06  Lurker  
  185  13:08  Drone x2  
  185  13:10  Spine Crawler  
  187  13:17  Lurker x2  
  187  13:18  Lurker  
  186  13:36  Hatchery  
  186  13:37  Hydralisk  
  186  13:38  Hydralisk x6  
  175  13:52  Hydralisk x11  
  189  13:59  Hydralisk x5  
  186  14:11  Hydralisk x6  
  191  14:20  Hydralisk  
  191  14:21  Hydralisk x4  
  196  14:26  Hydralisk x2  
  188  14:45  Hydralisk  
  188  14:46  Hydralisk x6  
Tags
 
Add a new tag
Caveats
  • Supply blocks, unpowered buildings, or Contaminate may cause inaccurate times.
  • Supply counts are checked every 10 seconds.